 Dungeon Crawl Stone Soup version 0.32-a0-18-g89e19f1974 (webtiles) character file.

Game seed: 14190726081154577591

4225 Pixllover the Cleaver (level 10, -1/88 HPs)
             Began as a Minotaur Berserker on Jan 16, 2024.
             Was a High Priest of Trog.
             Slain by a centaur warrior (8 damage)
             ... on level 9 of the Dungeon.
             The game lasted 00:11:48 (7181 turns).

Pixllover the Cleaver (Minotaur Berserker)          Turns: 7181, Time: 00:11:49

Health: -1/88      AC: 15    Str: 25    XL:     10   Next: 9%
Magic:  9/9        EV: 10    Int:  3    God:    Trog [*****.]
Gold:   184        SH:  4    Dex: 11    Spells: 9/9 levels left

rFire   . . .        u - +1 war axe
rCold   . . .        e - +0 buckler
rNeg    + . .        w - +0 chain mail
rPois   +            (helmet restricted)
rElec   .            o - +2 ratskin cloak {*Rats rPois rN+ Str-1 Int-1 Dex+1}
rCorr   .            v - +0 pair of gloves
SInv    .            (no boots)
Will    .....        (no amulet) Stlth
                     (no ring)
HPRegen 0.34/turn    (no ring)
MPRegen 0.11/turn

%: no passive effects
@: on berserk cooldown, slowed, very slow
A: horns 2, retaliatory headbutt
a: Renounce Religion, Berserk, Trog's Hand, Brothers in Arms


You were on level 9 of the Dungeon.
You worshipped Trog.
Trog was extremely pleased with you.
You visited 1 branch of the dungeon, and saw 9 of its levels.

You collected 262 gold pieces.
You spent 78 gold pieces at shops.

Inventory:

Hand Weapons
 u - a +1 war axe (weapon)
Missiles
 j - a throwing net
 m - 21 poisoned darts (quivered)
Armour
 e - a +0 buckler (worn)
 o - the +2 ratskin cloak (worn) {*Rats rPois rN+ Str-1 Int-1 Dex+1}
   (You found it on level 3 of the Dungeon)

   *Rats:     When the wearer is hurt, rats may emerge from it to assist them.
   Str-1:     It affects your strength (-1).
   Int-1:     It affects your intelligence (-1).
   Dex+1:     It affects your dexterity (+1).
   rPois:     It protects you from poison rN+: It protects you from negative
   energy.
 v - a +0 pair of gloves (worn)
 w - a +0 chain mail (worn)
Wands
 y - a wand of iceblast (11)
 A - a wand of flame (25)
Scrolls
 b - 2 scrolls of immolation
 c - 5 scrolls of teleportation
 d - a scroll of enchant weapon
 f - 5 scrolls of fog
 g - a scroll of noise {unknown}
 h - a scroll of revelation
 i - 2 scrolls of amnesia {unknown}
 l - 2 scrolls of torment {unknown}
 p - a scroll of enchant armour {unknown}
 q - 2 scrolls of blinking {unknown}
 t - a scroll of brand weapon {unknown}
 B - 2 scrolls of identify
Potions
 a - 2 potions of attraction {unknown}
 k - 2 potions of curing
 n - 2 potions of cancellation
 r - 2 potions of heal wounds
 s - 4 potions of lignification {unknown}
 x - 3 potions of enlightenment {unknown}
 z - a potion of ambrosia {unknown}


   Skills:
 + Level 8.3 Fighting
 + Level 11.9 Axes
 + Level 8.3 Armour
 + Level 5.3 Dodging
 + Level 2.3 Stealth
 + Level 4.0 Shields


You had 9 spell levels left.
You didn't know any spells.
Your spell library was empty.

Dungeon Overview and Level Annotations

Branches:
Dungeon (8/15)             Temple (0/1) D:7            Lair (0/5) D:8

Altars:
Ashenzari
Cheibriados
Nemelex Xobeh
Ru
The Shining One

Shops:
D:5 ?

Annotations:
D:8 2 runed translucent doors, koorschki's ghost, journeyman DsSh


Innate Abilities, Weirdness & Mutations

You have a pair of horns on your head.
You reflexively headbutt those who attack you in melee.


Message History

You feel a strong urge to attack something.
You are no longer berserk.
You are exhausted.
You feel yourself slow down.
The shapeshifter changes into a yak!
You hear the faint creaking of a very distant portcullis.
The orc wizard hits you but does no damage.
You barely miss the orc wizard.
The orc wizard hits you but does no damage.
The centaur warrior wields a +0 shortbow.
The centaur warrior shoots an arrow.
The arrow hits you!
The orc wizard points at you and mumbles some strange words.
You easily resist.
You feel less confused.
The orc wizard gestures wildly while chanting.
The orc wizard flickers and vanishes!
Deactivating autopickup; reactivate with Ctrl-A.
The centaur warrior shoots an arrow.
Reactivating autopickup.
The troll barely misses you. The troll misses you. The troll claws you!
The centaur warrior shoots an arrow.
The arrow hits you but does no damage. You block the troll's attack.
The troll barely misses you. The troll claws you.
The troll attacks as it pursues you! The troll barely misses you.
The troll claws you but does no damage. The troll closely misses you.
The centaur warrior shoots an arrow.
The arrow hits you!!
* * * LOW HITPOINT WARNING * * *
The troll bites you but does no damage. The troll claws you!
* * * LOW HITPOINT WARNING * * *
You block the troll's attack.
The centaur warrior unwields a +0 shortbow.
The centaur warrior hits you.
* * * LOW HITPOINT WARNING * * *
The centaur warrior kicks you but does no damage.
The troll bites you.
* * * LOW HITPOINT WARNING * * *
The troll barely misses you. The troll claws you but does no damage.
The yak gores you.
* * * LOW HITPOINT WARNING * * *
There is a stone staircase leading up, spattered with blood here.
The centaur warrior hits you!
You die...

################
................
................
#...@........
#..YcT.....^.
#...Q........
#..H)........
#............
#.o..........
...###.#################+#
#....)))................#
#.....#.................#


You could see a tengu warrior, a centaur warrior, a manticore, a yak shaped
shifter, a troll and an orc.

Vanquished Creatures
  A tengu warrior (D:9)
  3 yaks
  2 wyverns (D:8)
  2 basilisks
  A vampire mosquito (D:9)
  3 water moccasins (D:7)
  An orc warrior (D:6)
  A black bear (D:6)
  An ogre (D:5)
  A centaur (D:7)
  2 phantoms
  2 kobold brigands
  2 bullfrogs (D:7)
  A scorpion (D:7)
  5 killer bees (D:7)
  4 bombardier beetles
  5 hounds
  3 jellies
  4 orc priests
  2 sleepcaps
  5 iguanas
  4 orc wizards
  8 adders
  A shadow imp (D:7)
  2 ribbon worms
  A dart slug (D:5)
  27 orcs
  5 bats
  2 endoplasms (D:2)
  6 giant cockroaches
  4 goblins
  10 hobgoblins
  9 jackals
  8 quokkas
  2 ball pythons (D:1)
  6 frilled lizards
  12 kobolds
  5 rats
163 creatures vanquished.

Vanquished Creatures (collateral kills)
  A sky beast (D:6)
  A killer bee (D:7)
  An orc priest (D:5)
  An orc wizard (D:6)
4 creatures vanquished.

Vanquished Creatures (others)
  An orc wizard (D:9)
1 creature vanquished.

Grand Total: 168 creatures vanquished

Notes
Turn   | Place    | Note
-------+----------+-------------------------------------------
     0 | D:1      | Pixllover the Minotaur Berserker began the quest for the
                  | Orb.
     0 | D:1      | Reached XP level 1. HP: 19/19 MP: 0/0
    33 | D:1      | Reached skill level 4 in Axes
    33 | D:1      | Reached XP level 2. HP: 12/27 MP: 1/1
   231 | D:1      | Found a faded altar of an unknown god.
   294 | D:1      | Reached ** piety under Trog
   406 | D:1      | Reached XP level 3. HP: 26/33 MP: 2/2
  1534 | D:2      | Reached skill level 5 in Axes
  1546 | D:2      | Reached XP level 4. HP: 32/41 MP: 3/3
  2024 | D:3      | Found the +2 ratskin cloak {*Rats rPois rN+ Str-1 Int-1
                  | Dex+1}
  2399 | D:3      | Found a glowing golden altar of the Shining One.
  2519 | D:3      | Found a broken altar of Ashenzari.
  2519 | D:3      | Found a sacrificial altar of Ru.
  2522 | D:3      | Reached XP level 5. HP: 47/47 MP: 4/4
  2768 | D:4      | Reached *** piety under Trog
  2788 | D:4      | Reached skill level 6 in Axes
  2824 | D:4      | Noticed a phantom
  2839 | D:4      | Killed a phantom
  2840 | D:4      | Reached skill level 1 in Stealth
  2924 | D:4      | Reached XP level 6. HP: 44/55 MP: 5/5
  3528 | D:5      | Entered Level 5 of the Dungeon
  3634 | D:5      | Reached skill level 5 in Fighting
  3777 | D:5      | Reached skill level 1 in Shields
  3781 | D:5      | Found The Oracle's Delphic Readings.
  3787 | D:5      | Bought a scroll of identify for 26 gold pieces
  3787 | D:5      | Bought a scroll of immolation for 52 gold pieces
  3805 | D:5      | Reached skill level 7 in Axes
  3946 | D:5      | Reached XP level 7. HP: 60/61 MP: 6/6
  4051 | D:5      | Found a snail-covered altar of Cheibriados.
  5075 | D:6      | Reached skill level 8 in Axes
  5090 | D:6      | Reached **** piety under Trog
  5195 | D:6      | Reached XP level 8. HP: 64/70 MP: 7/7
  5954 | D:7      | Reached skill level 9 in Axes
  6071 | D:7      | Found a sparkling altar of Nemelex Xobeh.
  6123 | D:7      | Reached skill level 5 in Armour
  6216 | D:7      | Found a staircase to the Ecumenical Temple.
  6523 | D:7      | Reached skill level 10 in Axes
  6692 | D:7      | Reached XP level 9. HP: 64/78 MP: 8/8
  6969 | D:8      | Found a staircase to the Lair.
  7053 | D:8      | Reached skill level 11 in Axes
  7057 | D:8      | Reached ***** piety under Trog
  7078 | D:8      | Reached skill level 5 in Dodging
  7110 | D:8      | Found a runed translucent gate.
  7111 | D:8      | Noticed a cyclops
  7112 | D:8      | Found a runed translucent gate.
  7112 | D:8      | Noticed koorschki's ghost (journeyman DsSh)
  7120 | D:8      | You fall into a shaft and drop 1 floor!
  7149 | D:9      | Noticed a tengu warrior
  7163 | D:9      | Noticed a troll
  7164 | D:9      | Killed a tengu warrior
  7165 | D:9      | Reached XP level 10. HP: 88/88 MP: 9/9
  7169 | D:9      | Noticed a tengu warrior
  7169 | D:9      | Noticed a manticore
  7170 | D:9      | Noticed a centaur warrior
  7181 | D:9      | Slain by a centaur warrior

Illustrated notes

Levels and vault maps discovered:
D:1:      nicolae_arrival_washed_ashore, layout_basic,
          hellmonk_ecumenical_altar_heavens_door
D:2:      kennysheep_six_static_rooms, layout_basic
D:3:      layout_rooms, amethyst_overflow_temple_binary,
          overflow_temple_1_default
D:4:      layout_gridville, minmay_misc_feat_plants, kennysheep_donut
D:5:      layout_basic, kennysheep_slug_shrine, chequers_serial_rivers_small_3,
          nicolae_nh_oracle_at_delphi
D:6:      layout_basic, minmay_misc_feat_more_columns, hex_intersection,
          grunt_ministairs_10
D:7:      layout_rooms, kennysheep_mini_moat,
          minmay_temple_entry_statues_fountains, chequers_jeans
D:8:      layout_rooms, minmay_lair_entry_grove, gammafunk_ghost_split,
          serial_bayou_pond_b, minmay_misc_feat_doors
D:9:      layout_irregular_city, enter_bailey_1, minivault_28

Skill      XL: |  1  2  3  4  5  6  7  8  9 |
---------------+----------------------------+-----
Axes           | 4 5 6 7 8 10 11 | 11.9
Fighting       | 4 5 6 8 |  8.3
Dodging        | 3 4 5 |  5.3
Stealth        | 1 2 |  2.3
Shields        | 1 2 3 4 |  4.0
Armour         | 4 6 8 |  8.3

Action                     |  1- 3 |  4- 6 |  7- 9 | 10-12 || total
---------------------------+-------+-------+-------+-------++-------
  Melee: Hand axe          |   109 |    75 |       |       ||   184
         Headbutt          |     7 |    14 |    28 |       ||    49
         Punch             |     1 |       |       |       ||     1
         War axe           |       |    36 |   196 |     5 ||   237
 Invoke: Berserk           |       |       |     3 |       ||     3
    Use: Scroll            |     2 |     4 |     2 |       ||     8
   Stab: Sleeping          |       |     2 |       |       ||     2
 Armour: Animal skin       |    75 |    45 |       |       ||   120
         Chain mail        |       |    24 |   293 |    20 ||   337
  Dodge: Dodged            |    94 |    64 |   124 |     8 ||   290
  Block: Buckler           |       |    19 |    48 |     2 ||    69

Table legend: (Time is in decaauts)
 A = Elapsed time spent in this place.
 B = Non-inter-level travel time spent in this place.
 C = Inter-level travel time spent in this place.
 D = Time resting spent in this place.
 E = Time spent auto-exploring this place.
 F = Levels seen in this place.
 G = Mean time per level.
                   A        B        C        D        E       F      G
               +--------+--------+--------+--------+--------+-----+--------+
         Total |   7237 |   7038 |    199 |    493 |   4779 |   9 |  804.1 |
       Dungeon |   7237 |   7038 |    199 |    493 |   4779 |   9 |  804.1 |
               +--------+--------+--------+--------+--------+-----+--------+

Top non-repeatable levels by time:
     D:5: 1276 daAuts
     D:6: 1146 daAuts
     D:1: 1129 daAuts
     D:7: 1056 daAuts
     D:2: 903 daAuts
     D:4: 841 daAuts
     D:3: 663 daAuts
     D:8: 161 daAuts
     D:9: 59 daAuts
